AoeStats
← Malicious

Arabia

507750064Analyzed
1v1 RM · 13d ago on Sep 19, 2026· 60m 10s· 2 players
Game mode
Random Map
Map size
Tiny (2 player)
Population
200
Speed
Normal
Resources
Standard
Victory
Conquest
Starting age
Dark Age
Ending age
Imperial Age
RankedLock teamsTeams togetherTeam positionsShared explorationLock speedFull tech treeHidden civsTurbo modeCheats
Victory
Defeat
🇹🇷 Poles · Türkiye
1084
+17
🇬🇷 Khmer · Greece
1112
-17
Malicious
6:44 Loom
9:42 Feudal Age
14:07 Bloodlines
15:10 Double-Bit Axe
19:21 Horse Collar
22:52 Castle Age
21:46 Forging
22:21 Scale Barding Armor
22:59 Light Cavalry
23:41 Husbandry
24:31 Bow Saw
25:24 Iron Casting
25:23 Stone Mining
26:32 Chain Barding Armor
26:18 Pikeman
26:58 Squires
28:35 Fletching
29:09 Heavy Plow
29:04 Gold Mining
35:41 Imperial Age
36:35 Winged Hussar
37:37 Lechitic Legacy
37:38 Conscription
49:54 Blast Furnace
51:20 Scale Mail Armor
51:52 Elite Obuch
53:35 Bodkin Arrow
54:35 Crop Rotation
58:20 Wheelbarrow
57:30 Town Watch
NomadX
4:58 Loom
8:30 Feudal Age
20:07 Horse Collar
20:17 Double-Bit Axe
23:02 Castle Age
22:32 Gold Mining
23:54 Forging
23:51 Scale Barding Armor
24:19 Bloodlines
25:46 Wheelbarrow
25:44 Husbandry
28:53 Bow Saw
30:19 Chain Barding Armor
29:57 Stone Mining
33:50 Town Watch
37:52 Gold Shaft Mining
37:19 Heavy Plow
38:11 Iron Casting
44:45 Imperial Age
45:56 Conscription
48:14 Cavalier
51:36 Fletching
52:26 Plate Barding Armor
56:24 Heavy Scorpion
Connection lost

Rejoining the realm…

Still unreachable

The connection could not be restored.

Session expired

The server has moved on; the page needs a fresh start.